AoeStats
← geodeta

Pilgrims

508685888Analyzed
4v4 RM · 9d ago on Sep 23, 2026· 31m 39s· 8 players
Game mode
Random Map
Map size
Large (8 player)
Population
200
Speed
Normal
Resources
Standard
Victory
Conquest
Starting age
Dark Age
Ending age
Imperial Age
RankedLock teamsTeams togetherTeam positionsShared explorationLock speedFull tech treeHidden civsTurbo modeCheats
Victory
Defeat
🇹🇼 Varangians · Taiwan
1211
+17
🇪🇪 Aztecs · Estonia
1206
+18
🇺🇸 Sicilians · United States
1182
+19
🇮🇶 Malay · Iraq
1179
+19
🇲🇪 Danes · Montenegro
1275
-20
🇲🇪 Georgians · Montenegro
1270
-19
🇨🇳 Jurchens · China
1212
-17
🇲🇪 Vietnamese · Montenegro
1208
-17
ahmady sulaymani
10:00 Feudal Age
8:30 Loom
9:54 Double-Bit Axe
12:08 Fishing Lines
16:18 Castle Age
14:10 Gold Mining
15:48 Wheelbarrow
16:21 Bow Saw
17:56 Gold Shaft Mining
17:30 Gillnets
17:06 Demolition Ship
18:10 Scale Barding Armor
25:54 Forging
GYLi
11:22 Feudal Age
16:03 Castle Age
14:26 Double-Bit Axe
15:12 Fletching
15:14 Fishing Lines
16:49 Bodkin Arrow
21:00 Gillnets
25:20 Wheelbarrow
28:27 Imperial Age
26:05 Horse Collar
26:46 Heavy Plow
29:03 Elite Jarl
30:26 Scale Barding Armor
30:31 Forging
30:52 Bow Saw
31:28 Husbandry
31:39 Bloodlines
Senex
8:36 Loom
11:12 Feudal Age
16:15 Castle Age
14:37 Double-Bit Axe
16:39 Fletching
18:43 Crossbowman
23:19 Bodkin Arrow
30:42 Ballistics
30:30 Padded Archer Armor
34:26 Imperial Age
LuvDaBiebz
2:06 Loom
20:10 Feudal Age
21:42 Double-Bit Axe
Bager
12:12 Loom
14:16 Feudal Age
Emp
6:43 Loom
11:49 Feudal Age
18:16 Castle Age
16:24 Double-Bit Axe
16:26 Fishing Lines
19:53 Scale Mail Armor
20:04 Forging
20:11 Fletching
23:13 Horse Collar
23:51 Bow Saw
geodeta
5:43 Loom
12:58 Feudal Age
14:27 Fletching
17:32 Castle Age
16:10 Padded Archer Armor
16:10 Double-Bit Axe
21:15 Crossbowman
Hakka
4:13 Loom
13:29 Feudal Age
17:55 Castle Age
16:42 Gold Mining
18:11 Double-Bit Axe
19:42 Fletching
22:25 Bodkin Arrow
29:12 Fortified Bastions
Connection lost

Rejoining the realm…

Still unreachable

The connection could not be restored.

Session expired

The server has moved on; the page needs a fresh start.